 Dungeon Crawl Stone Soup version 0.31-a0-175-g9f7f995f2b (webtiles) character file.

Game seed: 16976305614291384746

1161 qw the Cleaver (level 8, 0/50 HPs)
             Began as a Gargoyle Fighter on June 17, 2023.
             Slain by a two-headed ogre
             ... wielding a +0 giant club
              (3 damage)
             ... on level 6 of the Dungeon.
             The game lasted 00:02:27 (4723 turns).

qw the Cleaver (Gargoyle Fighter)                   Turns: 4723, Time: 00:02:27

Health: 0/50       AC: 20    Str: 21    XL:     8   Next: 39%
Magic:  8/8        EV:  8    Int: 10    God:
Gold:   332        SH:  4    Dex:  9    Spells: 7/7 levels left

rFire   . . .        Y - +0 war axe
rCold   . . .        c - +0 buckler
rNeg    + + .        g - +1 chain mail {rN+}
rPois   inf          h - +0 helmet
rElec   +            (no cloak)
rCorr   .            j - +0 pair of gloves
SInv    .            (no boots)
Will    .....        (no amulet) Stlth
                     (no ring)
HPRegen 0.28/turn    (no ring)
MPRegen 0.11/turn

%: no passive effects
@: about to teleport
A: sickness immunity, AC +5, negative energy resistance 1, electricity
resistance, torment resistance 1, petrification resistance, talons 2, iridescent
scales 1
a: no special abilities


You were on level 6 of the Dungeon.
You visited 2 branches of the dungeon, and saw 7 of its levels.
You also visited: Ossuary.

You collected 332 gold pieces.


Innate Abilities, Weirdness & Mutations

You are immune to sickness and miasma.
Your stone body is resilient. (AC +5)
You are immune to poison.
You resist negative energy. (rN+)
You are resistant to electric shocks. (rElec)
You are resistant to unholy torment.
You are immune to petrification.
You have razor-sharp toenails.
You are partially covered in iridescent scales. (AC +2)


   Skills:
 - Level 5.4 Fighting
 - Level 8.0 Axes
 - Level 1.3 Throwing
 + Level 3.2 Armour
 - Level 1.2 Dodging
 - Level 3.2 Shields


You had 7 spell levels left.
You didn't know any spells.
Your spell library was empty.

Inventory:

Hand Weapons
 n - a +0 flail
 Y - a +0 war axe (weapon)
Missiles
 m - 3 boomerangs (quivered)
Armour
 c - a +0 buckler (worn)
 g - a +1 chain mail of positive energy (worn)
 h - a +0 helmet (worn)
 j - a +0 pair of gloves (worn)
Scrolls
 a - 5 scrolls of identify
Potions
 b - a potion of haste
 d - 2 potions of might
 e - 2 potions of attraction
 f - a potion of mutation
 i - 5 potions of enlightenment
 k - a potion of heal wounds
 l - a potion of cancellation
 o - a potion of resistance

Dungeon Overview and Level Annotations

Branches:
Dungeon (6/15)             Temple (1/1) D:6         Ossuary (visited)

Altars:
Ashenzari
Dithmenos
Elyvilon
Fedhas
Gozag
Hepliaklqana
Kikubaaqudgha
Makhleb
Nemelex Xobeh
Qazlal
Ru
Sif Muna
Trog
Uskayaw
Vehumet
Wu Jian
Yredelemnul
The Shining One

Shops:
D:2 :   D:3 [


Message History

You block the steam dragon's attack.
You slash the steam dragon! You claw the steam dragon.
You kill the steam dragon!
Your Axes skill increases to level 8!
You start resting.
HP restored.
A two-headed ogre comes into view. It is wielding two +0 giant clubs.
The two-headed ogre shouts in stereo!
Enter note: You throw a boomerang.
The boomerang barely misses the two-headed ogre.
You throw a boomerang. The boomerang hits the two-headed ogre.
The two-headed ogre is lightly wounded.
You throw a boomerang. The boomerang hits the two-headed ogre.
The two-headed ogre is lightly wounded.
You throw a boomerang.
The boomerang barely misses the two-headed ogre.
The two-headed ogre hits you with a +0 giant club!!
The two-headed ogre closely misses you.
You slash the two-headed ogre!
The two-headed ogre is moderately wounded.
You hit the two-headed ogre. Your kick misses the two-headed ogre.
The two-headed ogre is moderately wounded.
The two-headed ogre hits you with a +0 giant club!
The two-headed ogre hits you but does no damage.
You hit the two-headed ogre but do no damage.
The two-headed ogre is moderately wounded.
The two-headed ogre hits you with a +0 giant club.
The two-headed ogre hits you but does no damage.
You slash the two-headed ogre! You claw the two-headed ogre.
The two-headed ogre is severely wounded.
You slice the two-headed ogre!!
The two-headed ogre is almost dead.
The two-headed ogre hits you but does no damage.
The two-headed ogre hits you with a +0 giant club!
4723 ||| READING scroll of teleportation.
As you read the scroll of teleportation, it crumbles to dust.
You feel strangely unstable.
The two-headed ogre hits you with a +0 giant club.
You die...

# # # #
##################
#.................
#.################
#.# #@# #O# #.#
#.# #.# #.# #.#
..#


You could see a two-headed ogre.

Vanquished Creatures
  A steam dragon (D:6)
  A black bear (D:5)
  An ice beast (D:5)
  An ogre (D:5)
  5 water moccasin zombies (Ossuary)
  A jelly (D:5)
  An orc priest (D:6)
  3 iguanas
  Terence (D:3)
  3 orc wizards
  2 mummies (Ossuary)
  9 adders
  3 adder zombies (Ossuary)
  2 worms
  2 dart slugs (D:1)
  12 orcs
  9 endoplasms
  3 giant cockroaches
  4 goblins
  6 hobgoblins
  4 jackals (D:2)
  7 kobolds
  4 quokkas
  5 ball pythons
  5 bats
  3 frilled lizards
  A gnoll zombie (Ossuary)
  8 hobgoblin zombies (Ossuary)
  5 kobold zombies (Ossuary)
  8 orc zombies (Ossuary)
  5 rats
125 creatures vanquished.

Notes
Turn   | Place    | Note
-------+----------+-------------------------------------------
     0 | D:1      | qw the Gargoyle Fighter began the quest for the Orb.
     0 | D:1      | Reached XP level 1. HP: 14/14 MP: 1/1
     0 | D:1      | 0 ||| qw: Version: 0.3-a-2-g5ab2908
     0 | D:1      | 0 ||| qw: Game counter: 208
     0 | D:1      | 0 ||| qw: Always use a shield: true
     0 | D:1      | 0 ||| qw: God list: Okawaru
     0 | D:1      | 0 ||| qw: Allow faded altars: false
     0 | D:1      | 0 ||| qw: Do Orc after D:15 true
     0 | D:1      | 0 ||| qw: Do second Lair branch before Depths: true
     0 | D:1      | 0 ||| qw: Lair rune preference: random
     0 | D:1      | 0 ||| qw: Plans: Normal, Zot:1-4, Slime:5, God:TSO, Crypt,
                  | Tomb, Abyss, Pan, Hells, Win
     0 | D:1      | 0 ||| PLANNING D:1-11
    45 | D:1      | Reached skill level 2 in Axes
   170 | D:1      | 170 ||| Stepping ~*~*~tactically~*~*~ (hiding).
   178 | D:1      | Reached XP level 2. HP: 19/19 MP: 2/2
   279 | D:1      | 279 ||| Stepping ~*~*~tactically~*~*~ (hiding).
   280 | D:1      | 280 ||| Stepping ~*~*~tactically~*~*~ (hiding).
   592 | D:1      | 592 ||| Stepping ~*~*~tactically~*~*~ (stealth).
   724 | D:1      | Reached skill level 3 in Axes
   862 | D:1      | 862 ||| UPGRADING to +0 chain mail.
   872 | D:1      | 872 ||| DROPPING +0 scale mail.
   873 | D:1      | 873 ||| UPGRADING to +0 pair of gloves.
   878 | D:1      | 878 ||| READING 5 scrolls labelled EDARUI TOOMU.
   879 | D:1      | 879 ||| READING scroll labelled DIOBIK FULIHIW.
   880 | D:1      | 880 ||| READING scroll labelled IPNIAXT XARPH.
   881 | D:1      | 881 ||| READING 4 scrolls of identify.
   881 | D:1      | 881 ||| IDENTIFYING viscous white potion
   920 | D:2      | Reached XP level 3. HP: 23/23 MP: 3/3
   946 | D:2      | 946 ||| Stepping ~*~*~tactically~*~*~ (stealth).
   970 | D:2      | 970 ||| FLEEEEING.
   971 | D:2      | 971 ||| FLEEEEING.
   972 | D:2      | 972 ||| FLEEEEING.
   973 | D:2      | 973 ||| FLEEEEING.
   974 | D:2      | 974 ||| FLEEEEING.
   975 | D:2      | 975 ||| FLEEEEING.
   976 | D:2      | 976 ||| FLEEEEING.
   977 | D:2      | 977 ||| FLEEEEING.
   978 | D:2      | 978 ||| FLEEEEING.
   979 | D:2      | 979 ||| FLEEEEING.
   980 | D:2      | 980 ||| FLEEEEING.
  1219 | D:2      | You fall into a shaft and drop 1 floor!
  1242 | D:3      | 1242 ||| UPGRADING to +0 helmet.
  1247 | D:3      | 1247 ||| DRINKING 2 black potions.
  1247 | D:3      | Gained mutation: You are partially covered in iridescent
                  | scales. (AC +2) [potion of mutation]
  1247 | D:3      | Gained mutation: You have sharp toenails. [potion of
                  | mutation]
  1247 | D:3      | Gained mutation: You have razor-sharp toenails. [potion of
                  | mutation]
  1248 | D:3      | 1248 ||| READING 4 scrolls of identify.
  1248 | D:3      | 1248 ||| IDENTIFYING clear potion
  1459 | D:2      | Reached XP level 4. HP: 28/28 MP: 4/4
  1459 | D:2      | Found Hote's Book Shoppe.
  1478 | D:2      | 1478 ||| Stepping ~*~*~tactically~*~*~ (stealth).
  1479 | D:2      | 1479 ||| Stepping ~*~*~tactically~*~*~ (stealth).
  1517 | D:2      | Reached skill level 4 in Axes
  1624 | D:2      | 1624 ||| Stepping ~*~*~tactically~*~*~ (stealth).
  1625 | D:2      | 1625 ||| Stepping ~*~*~tactically~*~*~ (stealth).
  1648 | D:2      | 1648 ||| DROPPING ring of flight.
  1649 | D:2      | 1649 ||| READING scroll labelled ADY PEABRO.
  1695 | D:3      | Found Daronam's Antique Armour Boutique.
  1713 | D:3      | 1713 ||| SHOPLISTING glowing kite shield (232 gold, have
                  | 132).
  1713 | D:3      | 1713 ||| SHOPLISTING pair of twisted gloves (294 gold, have
                  | 132).
  1886 | D:3      | 1886 ||| DROPPING +0 whip.
  2175 | D:3      | Noticed Terence
  2187 | D:3      | Killed Terence
  2188 | D:3      | Reached XP level 5. HP: 32/32 MP: 5/5
  2332 | D:3      | 2332 ||| UPGRADING to +1 chain mail of positive energy.
  2342 | D:3      | 2342 ||| DROPPING +0 chain mail.
  2343 | D:3      | 2343 ||| DROPPING +2 ring mail of positive energy.
  2344 | D:3      | 2344 ||| READING scroll labelled QUMPOP HILUELOB.
  2345 | D:3      | 2345 ||| READING scroll labelled DEMEZOINYJU.
  2364 | D:4      | 2364 ||| PLANNING OSSUARY
  2364 | D:4      | Found a sand-covered staircase.
  2373 | Ossuary  | Entered an ossuary
  2414 | Ossuary  | Reached skill level 5 in Axes
  2432 | Ossuary  | Reached XP level 6. HP: 38/38 MP: 6/6
  2463 | Ossuary  | Reached skill level 6 in Axes
  2476 | Ossuary  | Reached skill level 1 in Dodging
  2531 | Ossuary  | Reached XP level 7. HP: 43/43 MP: 7/7
  2645 | Ossuary  | 2645 ||| DRINKING 3 purple potions.
  2646 | Ossuary  | 2646 ||| DRINKING 2 fizzy puce potions.
  2647 | Ossuary  | 2647 ||| READING 6 scrolls of identify.
  2647 | Ossuary  | 2647 ||| IDENTIFYING fuming golden potion
  2653 | D:4      | 2653 ||| PLANNING D:1-11
  2930 | D:4      | Found a shadowy altar of Dithmenos.
  3505 | D:4      | 3505 ||| READING scroll labelled NADYAJ GAOPP.
  3506 | D:4      | 3506 ||| READING 5 scrolls of identify.
  3506 | D:4      | 3506 ||| IDENTIFYING metallic silvery potion
  3507 | D:4      | 3507 ||| READING 4 scrolls of identify.
  3507 | D:4      | 3507 ||| IDENTIFYING lumpy ruby potion
  3508 | D:4      | 3508 ||| DROPPING potion of berserk rage.
  3560 | D:5      | Entered Level 5 of the Dungeon
  3820 | D:5      | HP: 6/43 [ice beast (10)]
  3821 | D:5      | 3821 ||| DRINKING 2 potions of heal wounds.
  3824 | D:5      | Reached skill level 7 in Axes
  4069 | D:5      | 4069 ||| READING scroll labelled XITYMI CUGGI.
  4070 | D:5      | 4070 ||| READING 2 scrolls labelled RAANAH WAZITT.
  4109 | D:6      | Found a staircase to the Ecumenical Temple.
  4110 | D:6      | 4110 ||| PLANNING TEMPLE
  4110 | D:6      | 4110 ||| STAIRDANCE
  4115 | D:6      | 4115 ||| Stepping ~*~*~tactically~*~*~ (hiding).
  4116 | D:6      | 4116 ||| STAIRDANCE
  4220 | D:6      | 4220 ||| STAIRDANCE
  4229 | D:5      | Reached XP level 8. HP: 40/50 MP: 8/8
  4266 | D:6      | 4266 ||| STAIRDANCE
  4278 | D:6      | 4278 ||| STAIRDANCE
  4285 | D:6      | 4285 ||| STAIRDANCE
  4295 | D:6      | 4295 ||| Stepping ~*~*~tactically~*~*~ (hiding).
  4296 | D:6      | 4296 ||| STAIRDANCE
  4366 | D:6      | 4366 ||| STAIRDANCE
  4375 | D:6      | 4375 ||| STAIRDANCE
  4398 | D:6      | 4398 ||| STAIRDANCE
  4402 | D:6      | 4402 ||| STAIRDANCE
  4410 | D:6      | 4410 ||| STAIRDANCE
  4414 | D:6      | 4414 ||| STAIRDANCE
  4423 | D:6      | 4423 ||| STAIRDANCE
  4431 | D:6      | 4431 ||| STAIRDANCE
  4435 | D:6      | 4435 ||| STAIRDANCE
  4439 | D:6      | 4439 ||| STAIRDANCE
  4443 | D:6      | 4443 ||| STAIRDANCE
  4447 | D:6      | 4447 ||| STAIRDANCE
  4451 | D:6      | 4451 ||| STAIRDANCE
  4464 | D:6      | 4464 ||| Stepping ~*~*~tactically~*~*~ (hiding).
  4480 | D:6      | Reached skill level 1 in Throwing
  4509 | Temple   | Entered the Ecumenical Temple
  4513 | Temple   | 4513 ||| PLANNING D:1-11
  4658 | D:6      | 4658 ||| Stepping ~*~*~tactically~*~*~ (cloud).
  4673 | D:6      | Reached skill level 8 in Axes
  4713 | D:6      | Noticed a two-headed ogre
  4722 | D:6      | HP: 3/50 [two-headed ogre/+0 giant club (15)]
  4723 | D:6      | 4723 ||| READING scroll of teleportation.
  4723 | D:6      | Slain by a two-headed ogre

Levels and vault maps discovered:
D:1:      dpeg_arrival_pits, layout_basic, nrook_mini_vaults
D:2:      layout_basic, serial_shops,
          nicolae_shop_temple_entry_statues_fountains, minivault_24,
          minmay_increasing_density
D:3:      layout_loops_ring, serial_shops, nicolae_shop_statue_plus,
          grunt_decor_mini_mirrors, uniq_terence
D:4:      layout_loops_corners, mainiacjoe_overflow_brackets,
          nicolae_ossuary_entry_monument, chequers_decorated_corner,
          serial_bayou_crossing
D:5:      layout_rooms
D:6:      layout_loops_ring, minmay_temple_entry_tees, minivault_11,
          serial_bayou_pond_e, nicolae_benzene_ring, st_stairs_6,
          hangedman_decor_growths, kb_lookout_dungeons_type
Temple:   sentei_temple_godly_chess

Skill      XL: |  1  2  3  4  5  6  7  8 |
---------------+-------------------------+-----
Axes           | 2 3 4 5 6 7 8 |  8.0
Fighting       | 4 5 |  5.4
Dodging        | 1 |  1.2
Throwing       | 1 |  1.3
Armour         | |  3.2
Shields        | |  3.2

Action                     |  1- 3 |  4- 6 |  7- 9 || total
---------------------------+-------+-------+-------++-------
  Melee: War axe           |   118 |   137 |   169 ||   424
         Kick              |     4 |    30 |    55 ||    89
  Throw: Boomerang         |       |       |    10 ||    10
    Use: Scroll            |     5 |     3 |     7 ||    15
         Potion            |     1 |       |     3 ||     4
 Armour: Scale mail        |    22 |       |       ||    22
         Chain mail        |    35 |    74 |   110 ||   219
  Dodge: Dodged            |    47 |    39 |    61 ||   147
  Block: Buckler           |    21 |    22 |    25 ||    68

Table legend:
 A = Non-vault XP
 B = Vault XP
 C = Vault XP percentage of total XP
 D = Non-vault monster count
 E = Vault monster count
 F = Vault count percentage of total count
                 A         B        C        D         E       F
            +---------+---------+-------+---------+---------+-------
      Total |    1129 |     530 |  31.9 |      87 |      38 |  30.4
            +---------+---------+-------+---------+---------+-------
        D:1 |      32 |       0 |   0.0 |      17 |       0 |   0.0
        D:2 |      49 |      11 |  18.3 |      21 |       5 |  19.2
        D:3 |      56 |      36 |  39.1 |      12 |       1 |   7.7
        D:4 |      84 |       0 |   0.0 |      11 |       0 |   0.0
        D:5 |     595 |       0 |   0.0 |      18 |       0 |   0.0
        D:6 |     313 |       0 |   0.0 |       8 |       0 |   0.0
    Ossuary |       0 |     483 | 100.0 |       0 |      32 | 100.0
            +---------+---------+-------+---------+---------+-------
